 Dungeon Crawl Stone Soup version 0.26.1-10-gdfb7c7de75 (webtiles) character file.

Game seed: 8964009887480395392

35 Revguard the Ogre Mage (level 3, -1/32 HPs)
             Began as an Ogre Earth Elementalist on Apr 9, 2021.
             Slain by an adder (3 damage)
             ... on level 2 of the Dungeon.
             The game lasted 00:04:29 (812 turns).

Revguard the Ogre Mage (Ogre Earth Elementalist)     Turns: 812, Time: 00:04:30

Health: -1/32      AC:  3    Str: 12    XL:     3   Next: 33%
Magic:  0/7        EV: 10    Int: 16    God:
Gold:   92         SH:  0    Dex: 10    Spells: 5/8 levels left

rFire    . . .     SeeInvis .   h - +0 club
rCold    . . .     Faith    .   (no shield)
rNeg     . . .     Spirit   .   c - +0 robe
rPois    .         Reflect  .   (helmet restricted)
rElec    .         Harm     .   (no cloak)
rCorr    .         Rampage  .   (gloves unavailable)
Will     .....                  (boots unavailable)
Stlth    ++........             (no amulet)
HPRegen  0.10/turn              (no ring)
MPRegen  0.10/turn              (no ring)

@: mighty, lethally poisoned (-1 -> -9)
A: large, unfitting armour, tough skin 1
a: no special abilities


You were on level 2 of the Dungeon.
You visited 1 branch of the dungeon, and saw 2 of its levels.

You collected 92 gold pieces.

Inventory:

Hand Weapons
 h - a +0 club (weapon)
Missiles
 b - 32 stones
Armour
 c - a +0 robe (worn)
Scrolls
 a - 3 scrolls of identify {unknown}
 d - a scroll of noise {unknown}
 f - a scroll of remove curse {unknown}
 g - a scroll of blinking {unknown}


   Skills:
 * Level 0.7 Fighting
 * Level 0.7 Armour
 + Level 1.7 Dodging
 - Level 1.4 Stealth
 * Level 3.4 Spellcasting
 * Level 1.1 Transmutations
 + Level 2.9 Earth Magic


You had 5 spell levels left.
You knew the following spells:

 Your Spells              Type           Power        Failure   Level
a - Sandblast             Erth           24%          5%          1
b - Passwall              Tmut/Erth      7%           12%         2

Your spell library contained the following spells:

 Spells                   Type           Power        Failure   Level
 Stone Arrow              Conj/Erth      14%          30%         3
 Petrify                  Tmut/Erth      9%           61%         4
 Lee's Rapid Deconstruct  Erth           6%           83%         5


Dungeon Overview and Level Annotations

Branches:
Dungeon (2/15)

Altars:


Innate Abilities, Weirdness & Mutations

You are too large for most types of armour.
You have tough skin. (AC +1)


Message History

You miss the adder. The adder bites you.
You are poisoned.
The adder poisons you! The adder bites you.
* * * LOW HITPOINT WARNING * * *
You are lethally poisoned!
The adder poisons you!
* * * LOW HITPOINT WARNING * * *
You feel sick.
* * * LOW HITPOINT WARNING * * *
You feel sick. The adder barely misses you.
* * * LOW HITPOINT WARNING * * *
You feel sick.
Aiming: Sandblast (safe; 5% risk of failure)
Press: ? - help, Q - select action, (/) - cycle Shift-Dir - straight line, f - adder
Aim: an adder (34% to evade)
The blast of sand hits the adder!
The adder is severely wounded.
* * * LOW HITPOINT WARNING * * *
You feel sick. The adder bites you.
You die...

.# ##.###.#
##....... ####
...##... ...
##..#..##
#.###.......###
#..............
#..##.g......#
#..###S@.....#
#####=S####.!.#..#
........).S<.......
######..#####...>...
#... .....#. ##.#
####... #.# .## #.#
# #.#


You could see an adder and a goblin.

Vanquished Creatures
  An adder (D:2)
  2 leopard geckos (D:1)
  A ball python (D:2)
  A giant cockroach (D:1)
  2 goblins (D:1)
  4 hobgoblins
  4 jackals (D:2)
  A kobold (D:1)
  2 frilled lizards (D:1)
  3 rats (D:1)
21 creatures vanquished.

Notes
Turn   | Place    | Note
-------+----------+-------------------------------------------
     0 | D:1      | Revguard the Ogre Earth Elementalist began the quest for
                  | the Orb.
     0 | D:1      | Reached XP level 1. HP: 16/16 MP: 3/3
   339 | D:1      | Reached XP level 2. HP: 24/24 MP: 2/5
   398 | D:1      | Learned a level 2 spell: Passwall
   560 | D:1      | Reached skill level 3 in Spellcasting
   610 | D:1      | Reached skill level 1 in Transmutations
   780 | D:2      | Reached XP level 3. HP: 22/32 MP: 0/7
   812 | D:2      | Slain by an adder

Illustrated notes

Levels and vault maps discovered:
D:1:      minmay_arrival_hallway, layout_loops_ring, minivault_11
D:2:      layout_loops_ring, nzn_hepliaklqana_mist_gate, serial_park_tiny_pond

Skill      XL: |  1  2 |
---------------+-------+-----
Spellcasting   | 3 |  3.4
Transmutations | 1 |  1.1
Fighting       | |  0.7
Armour         | |  0.7
Dodging        | |  1.7
Stealth        | |  1.4
Earth Magic    | |  2.9

Action                   || total
-------------------------++-------
Melee: Unarmed           ||    11
       Club              ||     5
 Cast: Sandblast         ||    25
  Use: Potion            ||     3
Armor: Robe              ||     9
Dodge: Dodged            ||    28
